 Dungeon Crawl Stone Soup version 0.30-a0-570-g486de37d69 (webtiles) character file.

Game seed: 16845712355703052007

102351 Crownlay the Eclecticist (level 16, -7/99 HPs)
             Began as a Gargoyle Earth Elementalist on Dec 23, 2022.
             Was a High Priest of Vehumet.
             Mangled by a bunyip (27 damage)
             ... on level 1 of the Swamp on Dec 29, 2022.
             The game lasted 01:53:22 (32213 turns).

Crownlay the Eclecticist (GrEE)                    Turns: 32213, Time: 01:53:23

Health: -7/99      AC: 26    Str: 14    XL:     16   Next: 33%
Magic:  38/38      EV: 12    Int: 32    God:    Vehumet [*****.]
Gold:   1749       SH:  5    Dex: 16    Spells: 15/52 levels left

rFire   . . .      SeeInvis .    n - staff of earth
rCold   + . .      Faith    .    (no shield)
rNeg    + . .      Spirit   .    v - +4 robe of the Final Olives {rF- Will++ Int+8}
rPois   ∞          Reflect  +    q - +2 helmet
rElec   +          Harm     .    t - +1 cloak {Will+}
rCorr   .          Rampage  .    w - +1 pair of gloves of a bazaar {-Tele rC+ Will++ Int+2}
Will    +++++      NoTele   +    l - +4 pair of boots of the Snake Pit {Fly rElec Regen+ Slay-6}
Stlth   ++                       x - amulet of reflection
HPRegen 1.16/turn                Q - ring "Virphuzare" {Wiz rF+ Dex+3}
MPRegen 0.26/turn                m - ring "Lumeixar" {Wiz Dex+3}

@: corroded, flying
A: sickness immunity, AC +12, big wings, negative energy resistance 1,
electricity resistance, torment resistance 1, petrification resistance
a: Renounce Religion


You were on level 1 of the Swamp.
You worshipped Vehumet.
Vehumet was extremely pleased with you.
You visited 5 branches of the dungeon, and saw 24 of its levels.
You also visited: Sewer.

You collected 3874 gold pieces.
You spent 2125 gold pieces at shops.

Inventory:

Hand Weapons
 y - the +8 sling of Xerasiuk {heavy, Int+4 Stlth+}
   (You found it on level 14 of the Dungeon)

   Any ammunition fired from it deals dramatically more damage, but attacks with
   it are much slower.
   Int:       It affects your intelligence (+4).
   Stlth:     It makes you more stealthy.
Missiles
 o - 2 throwing nets
 L - 8 curare-tipped darts
Armour
 l - the +4 pair of boots of the Snake Pit (worn) {Fly rElec Regen+ Slay-6}
   (You bought it in a shop on level 2 of the Orcish Mines)

   Slay:      It affects your accuracy & damage with ranged weapons and melee
   (-6).
   rElec:     It insulates you from electricity.
   Fly:       It grants you flight.
   Regen:     It increases your rate of health regeneration.
 q - a +2 helmet (worn)
 t - a +1 cloak of willpower (worn)
 v - the +4 robe of the Final Olives (worn) {rF- Will++ Int+8}
   (You found it on level 5 of the Lair of Beasts)

   Int:       It affects your intelligence (+8).
   rF:        It makes you vulnerable to fire.
   Will:      It greatly increases your willpower.
 w - the +1 pair of gloves of a bazaar (worn) {-Tele rC+ Will++ Int+2}
   (You bought it in a shop on level 2 of the Orcish Mines)

   Int:       It affects your intelligence (+2).
   rC:        It protects you from cold.
   -Tele:     It prevents most forms of teleportation.
   Will:      It greatly increases your willpower.
 I - +1 steam dragon scales
Magical Staves
 n - a staff of earth (weapon)
Jewellery
 m - the ring "Lumeixar" (right hand) {Wiz Dex+3}
   (You acquired it on level 5 of the Dungeon)

   [ring of wizardry]

   It improves your spell success rate.
   Dex:       It affects your dexterity (+3).
 u - the ring "Cikkiun" {Fly Str+4 Int+2 Stlth+}
   (You found it on level 3 of the Dungeon)

   [ring of flight]

   Str:       It affects your strength (+4).
   Int:       It affects your intelligence (+2).
   Fly:       It grants you flight.
   Stlth:     It makes you more stealthy.
 x - an amulet of reflection (around neck)
 F - a ring of ice
 Q - the ring "Virphuzare" (left hand) {Wiz rF+ Dex+3}
   (You found it on level 4 of the Lair of Beasts)

   [ring of wizardry]

   It improves your spell success rate.
   Dex:       It affects your dexterity (+3).
   rF:        It protects you from fire.
Wands
 a - a wand of polymorph (20)
 B - a wand of quicksilver (4)
 G - a wand of paralysis (12)
 K - a wand of digging (9)
 N - a wand of flame (25)
Scrolls
 d - a scroll of enchant armour
 e - 6 scrolls of amnesia
 i - a scroll of poison
 k - 9 scrolls of teleportation
 r - 7 scrolls of magic mapping
 s - 11 scrolls of identify
 A - 4 scrolls of immolation
 D - 5 scrolls of fog
 M - 2 scrolls of fear
 O - a scroll of summoning
Potions
 b - 3 potions of magic
 c - 8 potions of ambrosia
 g - 4 potions of haste
 h - 11 potions of mutation
 j - 2 potions of berserk rage
 p - 11 potions of curing
 z - 2 potions of might
 C - a potion of heal wounds
 E - a potion of resistance
 H - a potion of cancellation
 J - 6 potions of brilliance
Miscellaneous
 f - a lightning rod (4/4)


   Skills:
 + Level 10.8 Fighting
 - Level 1.5 Dodging
 - Level 2.1 Stealth
 - Level 18.5 Spellcasting
 + Level 9.0 Conjurations
 + Level 5.3 Summonings
 + Level 6.8 Transmutations
 - Level 14.0 Earth Magic
 - Level 6.0 Evocations


You had 15 spell levels left.
You knew the following spells:

 Your Spells              Type           Power      Damage    Failure   Level
a - Sandblast             Erth           100%       2d20      0%          1
b - Stone Arrow           Conj/Erth      100%       3d13      1%          3
c - Passwall              Tmut/Erth      81%        N/A       1%          2
d - Mephitic Cloud        Conj/Pois/Air  49%        N/A       1%          3
e - Petrify               Tmut/Erth      98%        N/A       1%          4
f - Summon Lightning Spi  Summ/Air       46%        N/A       1%          4
g - Fulminant Prism       Conj/Hex       28%        3d14      1%          4
h - Iron Shot             Conj/Erth      50%        9d10      1%          6
i - Lee's Rapid Deconstr  Erth           54%        3d25*     1%          5
j - Iskenderun's Battles  Conj           73%        2d12      1%          5

Your spell library contained the following spells:

 Spells                   Type           Power      Damage    Failure   Level
 Apportation              Tloc           58%        N/A       1%          1
 Necrotise                Necr           100%       1d9       1%          1
 Sting                    Tmut/Pois      100%       1d8       1%          1
 Summon Small Mammal      Summ           100%       N/A       1%          1
 Poisonous Vapours        Pois/Air       58%        N/A       1%          2
 Static Discharge         Conj/Air       100%       2-7/arc   1%          2
 Dazzling Flash           Conj/Hex       100%       N/A       1%          3
 Hailstorm                Conj/Ice       56%        3d12      1%          3
 Ozocubu's Armour         Ice            29%        N/A       1%          3
 Portal Projectile        Hex/Tloc       58%        N/A       1%          3
 Tukima's Dance           Hex            29%        N/A       1%          3
 Vhi's Electric Charge    Tloc/Air       58%        N/A       1%          3
 Airstrike                Air            14%        2d(3-19)  1%          4
 Ice Form                 Ice/Tmut       51%        N/A       1%          4
 Iskenderun's Mystic Bla  Conj/Tloc      56%        2d12      1%          4
 Olgreb's Toxic Radiance  Pois           29%        N/A       1%          4
 Arcjolt                  Conj/Air       28%        1d38      1%          5
 Blade Hands              Tmut           32%        N/A       1%          5
 Fireball                 Conj/Fire      28%        3d12      1%          5
 Lightning Bolt           Conj/Air       28%        1d44      1%          5
 Yara's Violent Unravell  Hex/Tmut       25%        3d11      1%          5
 Anguish                  Hex/Necr       14%        N/A       3%          4
 Dispel Undead            Necr           29%        3d13      3%          4
 Passage of Golubria      Tloc           29%        N/A       3%          4
 Conjure Ball Lightning   Conj/Air       28%        3x3d9     3%          6
 Starburst                Conj/Fire      28%        6d9       3%          6
 Orb of Destruction       Conj           36%        9d11      3%          7
 Death Channel            Necr           14%        N/A       43%         6
 Simulacrum               Ice/Necr       14%        N/A       43%         6
 Ozocubu's Refrigeration  Ice            14%        4d10      65%         7
 Enfeeble                 Hex            14%        N/A       92%         7
 Cigotuvi's Dreadful Rot  Necr/Pois/Air  Unusable   N/A       N/A         2

Dungeon Overview and Level Annotations

Branches:
Dungeon (15/15)            Temple (1/1) D:6            Lair (5/5) D:11
  Swamp (1/4) Lair:2       Spider (0/4) Lair:3        Slime (0/5) Lair:5
    Orc (2/2) D:12            Elf (0/3) Orc:2        Vaults (0/5) D:14
 Depths (0/4) D:15          Sewer (visited)

Altars:
Ashenzari
Cheibriados
Dithmenos
Elyvilon
Fedhas
Gozag
Hepliaklqana
Kikubaaqudgha
Makhleb
Nemelex Xobeh
Okawaru
Qazlal
Ru
Sif Muna
Trog
Uskayaw
Vehumet
Wu Jian
Xom
Yredelemnul
Zin
The Shining One
Jiyva

Shops:
D:11 *   D:12 *   D:15 *   Orc:2 ?:*[

Portals:
Pandemonium: Orc:2
Trove: D:11 (give 3 potions of resistance)

Annotations:
D:9 3 runed translucent doors, NoAnimeNoLife's ghost, novice NaFi
Lair:5 1 runed translucent door


Innate Abilities, Weirdness & Mutations

You are immune to sickness and miasma.
Your stone body is resilient. (AC +12)
You are immune to poison.
Your large and strong wings let you fly.
You resist negative energy. (rN+)
You are resistant to electric shocks. (rElec)
You are resistant to unholy torment.
You are immune to petrification.


Message History

Aim: a goliath frog (61% to hit)
Okay, then.
Unknown command.
As you read the scroll of fear, it crumbles to dust.
You assume a fearsome visage.
The bunyip resists with some effort.
The goliath frog resists with almost no effort.
The goliath frog looks frightened!
The swamp worm looks frightened!
The bunyip misses you. The bunyip claws you!
* * * LOW HITPOINT WARNING * * *
The bunyip claws you.
* * * LOW HITPOINT WARNING * * *
A swamp dragon comes into view.
A swamp drake comes into view.
As you read the scroll of summoning, it crumbles to dust.
Wisps of shadow whirl around you... The goliath frog closely misses you.
You swap places.
You hear a grinding noise.
The goliath frog closely misses you.
Your bog body touches the goliath frog!
Your bog body freezes the goliath frog!!
The swamp drake breathes poison at you.
Casting: Stone Arrow (safe; 1% risk of failure)
Confirm with . or Enter, or press ? or * to list all spells.
Aiming: Sandblast (safe; 0% risk of failure)
Press: ? - help, Shift-Dir - straight line, f - goliath frog
Aim: a goliath frog (almost dead, not watching you, ally target, 74% to hit)
Okay, then.
Casting: Sandblast (safe; 0% risk of failure)
Confirm with . or Enter, or press ? or * to list all spells.
Aiming: Stone Arrow (safe; 1% risk of failure)
Press: ? - help, Shift-Dir - straight line, f - goliath frog
Aim: a goliath frog (almost dead, not watching you, ally target, 61% to hit)
You feel a surge of power!
The stone arrow hits the goliath frog!
You kill the goliath frog!
Vehumet accepts your kill.
You feel your power returning.
The swamp dragon breathes poison at you.
The blast of poison engulfs your alligator!
Your alligator is engulfed in noxious fumes.
Your alligator appears confused.
The bunyip attacks as you move away! The bunyip claws you!!
You die...

♣.♣ ~~~ ♣.♣ ♣♣
♣♣.♣♣ ~~.♣♣♣...♣
~~~~~♣.~.♣
♣~.†~.♣♣♣♣
~~♣♣~~§.♣♣~♣♣♣♣♣
♣~..~.~.@~†..^~♣♣♣
♣.~~~~t°x♣.~~.~~...
?.~~~~°°°.~~
~....°°t°w†~~~♣.~~.
~~~...°.☼~.~.~~.~~~
~~~~.~~~§~~~~~~~~~~
..~k~~~wD:...~...~~
.~>♣..)..♣~♣.♣~...
.♣♣♣♣♣♣♣.♣~~.♣~~.§


You could see a bunyip, a swamp dragon (ally target), a swamp worm (fleeing), a
swamp drake, 2 friendly alligators and a friendly bog body (summoned).

Vanquished Creatures
  Nessos (D:12)
  A bunyip (Lair:2)
  Josephine (D:11)
  6 hydras
  Erolcha (D:11)
  2 demonspawn (Orc:2)
  A catoblepas (D:13)
  2 two-headed ogres
  4 centaur warriors
  5 boulder beetles
  4 death yaks (Lair:4)
  3 tengu warriors
  An alligator (Lair:2)
  6 orc high priests
  A titan zombie (D:15)
  A spriggan (Lair:2)
  A sun demon (Orc:2)
  A skeletal warrior (D:15)
  2 goliath frogs (Swamp:1)
  6 orc knights
  A deep elf archer (D:15)
  3 wizards (D:14)
  A flayed ghost (D:15)
  A necromancer (D:15)
  A lindwurm (Lair:4)
  4 orc sorcerers
  3 deep elf pyromancers
  A tengu skeleton (D:15)
  A slime creature (D:15)
  2 manticores (D:12)
  11 ugly things
  22 elephants
  4 cyclopes
  5 black mambas
  Maurice (D:11)
  A frost giant skeleton (D:15)
  16 cane toads
  An unseen horror (D:12)
  2 gargoyles
  A rime drake (Lair:2)
  7 komodo dragons
  A kobold demonologist (D:12)
  An efreet (D:14)
  A guardian mummy (D:15)
  A meliai (shapeshifter) (D:15)
  3 meliai (D:15)
  A spriggan skeleton (D:15)
  A troll (shapeshifter) (D:13)
  6 trolls
  A hornet (Lair:2)
  2 tyrant leeches
  2 polar bears
  A raiju (shapeshifter) (D:13)
  Grinder (D:5)
  4 dream sheep (Lair:4)
  A tarantella (D:15)
  15 blink frogs
  Sigmund (D:2)
  A centaur simulacrum (D:15)
  2 wyverns
  A jumping spider (Lair:3)
  A basilisk (Lair:2)
  A nameless horror (D:12)
  44 yaks
  5 wraiths (D:11)
  2 steam dragons
  A chaos spawn (Orc:2)
  3 redbacks (D:15)
  21 vampire mosquitoes
  3 wargs
  3 swamp worms (Swamp:1)
  3 acid dragons
  9 water moccasins
  2 black bears
  28 orc warriors
  8 wolves
  7 centaurs
  4 ogres
  5 boggarts (D:14)
  A phantom (D:4)
  4 kobold brigands
  18 bullfrogs
  2 necrophages
  2 scorpions (D:5)
  10 wights
  A hornet simulacrum (D:15)
  3 killer bees (D:6)
  8 electric eels
  6 howler monkeys
  A lava snake (D:11)
  2 jellies
  2 gnoll boudas
  9 hounds
  20 orc priests
  Terence (D:2)
  4 iguanas
  Ijyb (D:3)
  Natasha (thrice) (D:3)
  22 orc wizards
  A mummy (D:5)
  Robin (D:2)
  11 adders
  10 gnolls
  3 river rats (Sewer)
  A shadow imp (D:8)
  3 worms
  73 orcs
  14 ball pythons
  7 endoplasms
  2 giant cockroaches
  15 goblins
  11 hobgoblins
  27 kobolds
  5 quokkas
  2 bats
  10 frilled lizards
  A hobgoblin zombie (D:5)
  3 kobold zombies (D:5)
  30 rats
  6 fulminant prisms
692 creatures vanquished.

Vanquished Creatures (collateral kills)
  A hydra (Lair:2)
  2 death yaks
  An orc high priest (Orc:2)
  A goliath frog (Swamp:1)
  2 deep elf pyromancers (D:14)
  3 orc sorcerers (Orc:2)
  3 elephants
  6 cane toads
  3 komodo dragons
  An ice devil (Orc:2)
  A troll (D:14)
  A tyrant leech (Lair:5)
  2 slime creatures (D:15)
  4 blink frogs
  4 yaks
  A steam dragon (Lair:1)
  A vampire mosquito (Lair:5)
  2 wargs (Orc:2)
  6 orc warriors
  A wolf (Lair:4)
  A bullfrog (Lair:5)
  3 orc priests (Orc:2)
  4 iguanas (Lair:2)
  2 orc wizards (Orc:2)
  19 orcs
75 creatures vanquished.

Vanquished Creatures (others)
  A will-o-the-wisp (Swamp:1)
  2 bloated husks (Swamp:1)
  13 fulminant prisms
  51 fungi
  110 plants
  A withered plant (D:15)
178 creatures vanquished.

Grand Total: 945 creatures vanquished

Notes
Turn   | Place    | Note
-------+----------+-------------------------------------------
     0 | D:1      | Crownlay the Gargoyle Earth Elementalist began the quest
                  | for the Orb.
     0 | D:1      | Reached XP level 1. HP: 10/10 MP: 3/3
   178 | D:1      | Reached XP level 2. HP: 15/15 MP: 0/5
  1026 | D:2      | Noticed Sigmund
  1170 | D:2      | Reached skill level 3 in Spellcasting
  1170 | D:2      | Reached XP level 3. HP: 15/19 MP: 2/7
  1327 | D:2      | Reached XP level 4. HP: 24/24 MP: 5/9
  1362 | D:2      | Noticed Terence
  1371 | D:2      | Killed Terence
  1525 | D:2      | Noticed Robin
  1540 | D:2      | Killed Robin
  1776 | D:2      | Reached XP level 5. HP: 28/28 MP: 7/10
  1810 | D:2      | Reached skill level 4 in Spellcasting
  1844 | D:2      | Learned a level 3 spell: Stone Arrow
  1847 | D:2      | Learned a level 2 spell: Passwall
  1898 | D:2      | Killed Sigmund
  1899 | D:2      | Reached skill level 5 in Spellcasting
  1899 | D:2      | Reached skill level 5 in Earth Magic
  1899 | D:2      | Reached XP level 6. HP: 27/32 MP: 7/13
  2263 | D:3      | Noticed Ijyb
  2271 | D:3      | Killed Ijyb
  2346 | D:3      | Found a broken altar of Ashenzari.
  2455 | D:3      | Identified the ring "Cikkiun" {Fly Str+4 Int+2 Stlth+}
  2603 | D:3      | Noticed Natasha
  2606 | D:3      | Killed Natasha
  2958 | D:3      | Noticed Natasha
  2963 | D:3      | Killed Natasha
  3776 | D:3      | Noticed Natasha
  3780 | D:3      | Killed Natasha
  3936 | D:4      | Reached XP level 7. HP: 36/36 MP: 13/15
  4157 | D:4      | Reached skill level 1 in Conjurations
  4161 | D:4      | Reached skill level 6 in Spellcasting
  4702 | D:4      | Noticed a fire elemental
  4708 | D:4      | Found a stormy altar of Qazlal.
  4713 | D:4      | Noticed an air elemental
  4714 | D:4      | Noticed a water elemental
  4783 | D:5      | Entered Level 5 of the Dungeon
  4919 | D:5      | Found a glowing drain.
  4931 | Sewer    | Entered a sewer
  5227 | Sewer    | Identified the +0 chain mail of Willor {Harm *Corrode +Inv
                  | Dex+4}
  5340 | Sewer    | Reached XP level 8. HP: 26/41 MP: 11/18
  5456 | D:5      | Noticed Grinder
  5463 | D:5      | Killed Grinder
  5464 | D:5      | Reached skill level 7 in Spellcasting
  6187 | D:5      | Identified 3 scrolls of acquirement
  6192 | D:5      | Acquired the ring "Lumeixar" {Wiz Dex+3}
  6299 | D:6      | Learned a level 3 spell: Mephitic Cloud
  6557 | D:6      | Reached XP level 9. HP: 45/45 MP: 15/20
  6662 | D:6      | Reached skill level 8 in Spellcasting
  6776 | D:6      | Found a staircase to the Ecumenical Temple.
  6794 | Temple   | Entered the Ecumenical Temple
  7014 | D:6      | Reached skill level 5 in Conjurations
  7306 | D:6      | Found an iron altar of Okawaru.
  8075 | D:7      | Reached skill level 9 in Spellcasting
  9014 | D:9      | Found a runed translucent gate.
  9014 | D:9      | Found a runed translucent gate.
  9014 | D:9      | Found a runed translucent gate.
  9093 | D:9      | Reached XP level 10. HP: 50/50 MP: 14/23
  9191 | D:9      | Noticed a cyclops
  9207 | D:9      | Killed a cyclops
  9208 | D:9      | Reached skill level 1 in Fighting
  9318 | D:9      | Noticed NoAnimeNoLife's ghost (novice NaFi)
  9345 | D:9      | Noticed a deep elf pyromancer
  9351 | D:9      | Killed a deep elf pyromancer
  9352 | D:9      | Reached skill level 10 in Earth Magic
  9355 | D:9      | Reached skill level 10 in Spellcasting
  9523 | D:9      | Noticed a boulder beetle
  9544 | D:9      | Killed a boulder beetle
  9545 | D:9      | Reached skill level 1 in Evocations
  9987 | D:9      | Found a hide-covered altar of Uskayaw.
 10090 | D:10     | Entered Level 10 of the Dungeon
 10492 | D:10     | Upgraded the game from 0.30-a0-528-g8c47a4955b to
                  | 0.30-a0-540-g0af01429fa
 10597 | D:10     | Reached skill level 1 in Transmutations
 10697 | D:10     | Found a faded altar of an unknown god.
 10697 | D:10     | Found a shimmering altar of Xom.
 10705 | D:10     | Found a radiant altar of Vehumet.
 10707 | D:10     | Found a basalt altar of Yredelemnul.
 10709 | D:10     | Found a faded altar of an unknown god.
 10713 | D:10     | Became a worshipper of Vehumet
 10741 | D:10     | Learned a level 4 spell: Petrify
 10887 | D:10     | Found a shimmering blue altar of Sif Muna.
 10986 | D:10     | Reached XP level 11. HP: 62/62 MP: 18/25
 11098 | D:10     | Reached skill level 5 in Fighting
 11716 | D:11     | Upgraded the game from 0.30-a0-540-g0af01429fa to
                  | 0.30-a0-570-g486de37d69
 11778 | D:11     | Noticed Maurice
 11791 | D:11     | Killed Maurice
 11884 | D:11     | Noticed Josephine
 11906 | D:11     | Noticed Erolcha
 12074 | D:11     | Noticed a cyclops
 12107 | D:11     | Killed a cyclops
 12107 | D:11     | Reached * piety under Vehumet
 12107 | D:11     | Offered knowledge of Magic Dart by Vehumet.
 12258 | D:11     | Found a portal to a secret trove of treasure.
 12402 | D:11     | Noticed a cyclops
 12451 | D:11     | Reached skill level 5 in Evocations
 12518 | D:11     | Found a staircase to the Lair.
 12558 | D:11     | Killed Erolcha
 12837 | D:11     | Killed Josephine
 12838 | D:11     | Reached skill level 11 in Spellcasting
 12973 | D:11     | Found Fostaph's General Store.
 13128 | D:11     | Killed a cyclops
 13129 | D:11     | Reached XP level 12. HP: 70/70 MP: 20/27
 13267 | D:11     | Found a hide-covered altar of Uskayaw.
 13309 | D:12     | Noticed a boulder beetle
 13651 | D:11     | Killed a boulder beetle
 13796 | D:12     | Learned a level 4 spell: Summon Lightning Spire
 14095 | D:12     | Found Laraarr's Overcharged Wands.
 14563 | D:12     | Noticed a two-headed ogre
 14566 | D:12     | Killed a two-headed ogre
 14784 | D:12     | Reached ** piety under Vehumet
 14784 | D:12     | Offered knowledge of Static Discharge by Vehumet.
 15124 | D:12     | Noticed Nessos
 15136 | D:12     | Killed Nessos
 15283 | D:12     | Found a staircase to the Orcish Mines.
 15334 | Lair:1   | Entered Level 1 of the Lair of Beasts
 15492 | Lair:1   | Reached skill level 12 in Spellcasting
 16068 | Lair:1   | Reached skill level 1 in Summonings
 16242 | Lair:1   | Offered knowledge of Frozen Ramparts by Vehumet.
 16774 | Lair:2   | Reached XP level 13. HP: 80/80 MP: 22/29
 16809 | Lair:2   | Found a staircase to the Swamp.
 16906 | Lair:2   | Reached *** piety under Vehumet
 17454 | Lair:2   | Reached skill level 5 in Transmutations
 17570 | Lair:2   | Offered knowledge of Fulminant Prism by Vehumet.
 17579 | Lair:2   | Learned a level 4 spell: Fulminant Prism
 18954 | Lair:3   | Identified the +1 robe of Time Monsters {Harm rCorr SInv
                  | Archmagi}
 19128 | Lair:3   | Found a hole to the Spider Nest.
 19418 | Lair:4   | Identified the ring "Virphuzare" {Wiz rF+ Dex+3}
 19429 | Lair:4   | Reached **** piety under Vehumet
 19732 | Lair:3   | Offered knowledge of Arcjolt by Vehumet.
 19856 | Lair:4   | Reached skill level 10 in Fighting
 20321 | Lair:3   | Reached skill level 13 in Spellcasting
 20512 | Lair:4   | Gained mutation: Your large and strong wings let you fly.
                  | [Gargoyle growth]
 20512 | Lair:4   | Reached XP level 14. HP: 88/88 MP: 25/31
 21300 | Lair:5   | Entered Level 5 of the Lair of Beasts
 21509 | Lair:5   | Reached skill level 14 in Spellcasting
 22705 | Lair:5   | Reached skill level 15 in Spellcasting
 23590 | Lair:5   | Found a runed translucent door.
 23590 | Lair:5   | Found a viscous altar of Jiyva.
 23590 | Lair:5   | Noticed an acid blob
 23591 | Lair:5   | Found a staircase to the Slime Pits.
 23643 | Lair:5   | Reached ***** piety under Vehumet
 24140 | Lair:5   | Identified the +4 robe of the Final Olives {rF- Will++
                  | Int+8}
 24397 | Lair:5   | Acquired 799 gold pieces
 24399 | Lair:5   | Acquired a book of the Spheres
 24537 | Orc:1    | Entered Level 1 of the Orcish Mines
 24542 | Orc:1    | Offered knowledge of Iron Shot by Vehumet.
 24682 | D:12     | Learned a level 6 spell: Iron Shot
 25316 | Orc:2    | Entered Level 2 of the Orcish Mines
 25362 | Orc:2    | Reached skill level 16 in Spellcasting
 25669 | Orc:2    | Found Maxkoix's Magic Scroll Boutique.
 25708 | Orc:2    | Reached XP level 15. HP: 45/92 MP: 12/35
 25917 | Orc:2    | Found Tamneop's General Store.
 26100 | Orc:2    | Bought a scroll of poison for 52 gold pieces
 26393 | Orc:2    | Reached skill level 17 in Spellcasting
 26502 | Orc:2    | Offered knowledge of Lee's Rapid Deconstruction by Vehumet.
 26764 | Orc:2    | Found a staircase to the Elven Halls.
 27128 | Orc:2    | Found Ydweff's Antique Armour Shoppe.
 27128 | Orc:2    | Found Ryphuol's Book Emporium.
 27129 | Orc:2    | Found a one-way gate leading to the halls of Pandemonium.
 27195 | Orc:2    | Bought a pair of ichor-stained boots for 294 gold pieces
 27195 | Orc:2    | Identified the +4 pair of boots of the Snake Pit {Fly rElec
                  | Regen+ Slay-6} (You bought it in a shop on level 2 of the
                  | Orcish Mines)
 27195 | Orc:2    | Bought a pair of faintly humming gloves for 294 gold pieces
 27195 | Orc:2    | Identified the +1 pair of gloves of a bazaar {-Tele rC+
                  | Will++ Int+2} (You bought it in a shop on level 2 of the
                  | Orcish Mines)
 27248 | Orc:2    | Bought a scroll of teleportation for 54 gold pieces
 27248 | Orc:2    | Bought a scroll of acquirement for 936 gold pieces
 27248 | Orc:2    | Bought a scroll of summoning for 171 gold pieces
 27254 | Orc:2    | Learned a level 5 spell: Lee's Rapid Deconstruction
 27315 | Orc:2    | Acquired 879 gold pieces
 29022 | D:14     | Found a gate to the Vaults.
 29082 | D:14     | Reached skill level 18 in Spellcasting
 29426 | D:14     | You are sucked into a shaft and drop 1 floor!
 29426 | D:15     | Entered Level 15 of the Dungeon
 29713 | D:14     | Identified the +8 sling of Xerasiuk {heavy, Int+4 Stlth+}
 29765 | D:14     | Learned a level 5 spell: Iskenderun's Battlesphere
 30689 | D:15     | Found Tidutod's Assorted Antiques.
 30699 | D:15     | Bought a scroll of teleportation for 108 gold pieces
 30699 | D:15     | Bought a scroll labelled TUYLLAC RIRUAT for 36 gold pieces
 30699 | D:15     | Bought a twisted steel ring for 180 gold pieces
 30711 | D:15     | Found a staircase to the Depths.
 30736 | D:15     | Reached XP level 16. HP: 95/97 MP: 7/38
 31340 | D:15     | Reached skill level 5 in Summonings
 31911 | Swamp:1  | Entered Level 1 of the Swamp
 32140 | Lair:2   | HP: 4/99 [bunyip (13)]
 32213 | Swamp:1  | Mangled by a bunyip

Illustrated notes

Levels and vault maps discovered:
D:1:      dpeg_arrival_pits, layout_loops_ring, serial_forest,
          infiniplex_forest_end_2, infiniplex_forest_end_2,
          infiniplex_forest_straight_5, infiniplex_forest_clump_small,
          infiniplex_forest_lined_3, infiniplex_forest_lined_room_2
D:2:      layout_basic, uniq_sigmund, uniq_terence, uniq_robin
D:3:      layout_loops_ring, mainiacjoe_overflow_cross_hatched, uniq_natasha,
          uniq_ijyb
D:4:      layout_gridville, nicolae_qazlal_style_of_elements,
          hangedman_abyss_or_decor_slice
D:5:      layout_loops_cross, gup_sewer_entry_bubbles, minmay_mini_ossuary,
          uniq_grinder
D:6:      layout_loops_ring, kennysheep_mini_moat, minmay_temple_entry_hall,
          kennysheep_generic_room_12
D:7:      layout_loops_ring, corexii_hall_statues_s
D:8:      layout_cave_pools
D:9:      layout_roguey, mainiacjoe_overflow_alcove_1, gammafunk_ghost_icy,
          nzn_sisyphean_effort
D:10:     layout_stronghold, tgw_sif, chequers_temple_overflow_minitemple,
          nrook_campfire
D:11:     layout_irregular_city, erik_lair_island, serial_shops,
          nicolae_inconvenience_store, enter_trove_2, nicolae_uskayaw_suspiria,
          uniq_erolcha, uniq_josephine, uniq_maurice
D:12:     kennysheep_six_static_rooms, layout_small_grid, hiddenorc1_lemuel,
          nicolae_shop_overcharged_wands, uniq_nessos
D:13:     layout_rooms
D:14:     layout_small_grid, david_vaults_1, hangedman_abyss_or_decor_stabs
D:15:     gammafunk_depths_entry_grave, layout_stronghold, minmay_misc_feat_chi,
          serial_shops, nicolae_shop_overgrown_old_shop, grunt_potential
Temple:   eino_narrow_crystal_temple
Lair:1:   layout_cave_pods, lemuel_fruit_fields
Lair:2:   beast_lair_carwin_large_3, layout_regular_city, swamp_mist,
          minmay_holes
Lair:3:   layout_regular_city, spider_nest_entry_a, dreamdust_gnoll_shepherd,
          serial_bayou_shore_a
Lair:4:   layout_misc_corridors, lemuel_fruit_fields
Lair:5:   minmay_lair_end_frog_pond, layout_small_grid, slime_entry_2
Swamp:1:  layout_falls_marsh, evilmike_swamp_ruin_house_4, uniq_kirke,
          uniq_jorgrun, uniq_roxanne
Orc:1:    layout_caves, basic_altar
Orc:2:    pf_orc_diabolical, layout_caves

Skill      XL: |  1  2  3  4  5  6  7  8  9 10 11 12 13 14 15 16 |
---------------+-------------------------------------------------+-----
Earth Magic    | 4 5 6 7 9 10 12 13 14 | 14.0
Spellcasting   | 3 5 6 7 9 10 11 12 13 16 18 | 18.5
Conjurations   | 2 4 6 8 9 |  9.0
Fighting       | 4 6 8 10 | 10.8
Evocations     | 3 5 6 |  6.0
Transmutations | 1 4 6 |  6.8
Summonings     | 1 4 5 |  5.3
Dodging        | |  1.5
Stealth        | |  2.1

Action                   |  1- 3 |  4- 6 |  7- 9 | 10-12 | 13-15 | 16-18 || total
-------------------------+-------+-------+-------+-------+-------+-------++-------
Melee: Unarmed           |     9 |       |       |       |       |       ||     9
       Short sword       |     4 |       |       |       |       |       ||     4
       Dagger            |       |     1 |    97 |   179 |    80 |       ||   357
       Punch             |       |       |     1 |     5 |       |       ||     6
       Staff             |       |       |       |       |    10 |       ||    10
 Cast: Sandblast         |    33 |    70 |   180 |   232 |   315 |    19 ||   849
       Stone Arrow       |       |     2 |    30 |   121 |   390 |    24 ||   567
       Mephitic Cloud    |       |       |     1 |     4 |     7 |       ||    12
       Petrify           |       |       |       |    16 |     6 |       ||    22
       Summon Lightning  |       |       |       |    12 |    88 |     6 ||   106
       Fulminant Prism   |       |       |       |       |    19 |       ||    19
       Lee's Rapid Decon |       |       |       |       |    31 |    11 ||    42
       Iskenderun's Batt |       |       |       |       |     7 |     1 ||     8
       Iron Shot         |       |       |       |       |       |     5 ||     5
Evoke: Wand              |       |       |       |    16 |    20 |       ||    36
       Lightning rod     |       |       |       |       |    14 |       ||    14
  Use: Scroll            |     3 |     4 |    17 |     8 |    15 |     5 ||    52
       Potion            |       |     2 |       |     1 |       |     4 ||     7
 Stab: Sleeping          |       |       |     4 |       |       |       ||     4
       Petrified         |       |       |       |    35 |       |       ||    35
       Paralysed         |       |       |       |    48 |       |       ||    48
       Distracted        |       |       |       |     1 |     1 |       ||     2
Armor: Robe              |     3 |    25 |   107 |       |   129 |    72 ||   336
       Steam dragon scal |       |       |     6 |   190 |   199 |       ||   395
Dodge: Dodged            |    12 |    28 |   134 |   192 |   316 |    50 ||   732
Block: Other             |       |       |    52 |    82 |   127 |    23 ||   284
       Reflection        |       |       |     1 |     3 |     7 |     2 ||    13

Table legend: (Time is in decaauts)
 A = Elapsed time spent in this place.
 B = Non-inter-level travel time spent in this place.
 C = Inter-level travel time spent in this place.
 D = Time resting spent in this place.
 E = Time spent auto-exploring this place.
 F = Levels seen in this place.
 G = Mean time per level.
                   A        B        C        D        E       F      G
               +--------+--------+--------+--------+--------+-----+--------+
         Total |  32718 |  30400 |   2318 |   1235 |  23311 |  25 | 1308.7 |
       Dungeon |  19292 |  17719 |   1573 |    322 |  14122 |  15 | 1286.1 |
        Temple |    190 |    177 |     13 |      0 |    171 |   1 |  190.0 |
          Lair |   9913 |   9405 |    508 |    752 |   7032 |   5 | 1982.6 |
         Swamp |     30 |     30 |      0 |      0 |      0 |   1 |   30.0 |
  Orcish Mines |   2780 |   2557 |    223 |    161 |   1646 |   2 | 1390.0 |
         Sewer |    510 |    510 |      0 |      0 |    340 |   1 |  510.0 |
               +--------+--------+--------+--------+--------+-----+--------+

Top non-repeatable levels by time:
  Lair:4: 2583 daAuts
   Orc:2: 2212 daAuts
  Lair:5: 2153 daAuts
    D:11: 2146 daAuts
    D:12: 2063 daAuts
  Lair:2: 1882 daAuts
  Lair:3: 1867 daAuts
     D:3: 1751 daAuts
    D:15: 1722 daAuts
    D:10: 1628 daAuts
  Lair:1: 1426 daAuts
     D:9: 1384 daAuts
    D:14: 1303 daAuts
     D:6: 1284 daAuts
     D:2: 1184 daAuts
